 Dungeon Crawl Stone Soup version 0.20-a0-537-g052e6ba (webtiles) character file.

46 polly the Covered (level 3, 0/23 HPs)
             Began as a Gargoyle Fighter on Jan 28, 2017.
             Slain by a goblin
             ... wielding a +0 club
             ... led by Robin
              (4 damage)
             ... on level 2 of the Dungeon.
             The game lasted 00:01:29 (604 turns).

polly the Covered (Gargoyle Fighter)                 Turns: 604, Time: 00:01:29

Health: 0/23       AC: 12    Str: 25    XL:     3   Next: 66%
Magic:  3/3        EV:  7    Int:  8    God:
Gold:   63         SH:  9    Dex:  9    Spells: 2/2 levels left

rFire    . . .     SeeInvis .   a - +0 flail
rCold    . . .     Gourm    .   b - +0 scale mail
rNeg     + . .     Faith    .   c - +0 shield
rPois    ∞         Spirit   .   (helmet restricted)
rElec    +         Reflect  .   (no cloak)
rCorr    .         Harm     .   (no gloves)
MR       .....                  (no boots)
Stlth    ..........             (no amulet)
Regen    0.1/turn               (no ring)
                                (no ring)

@: mighty
A: antennae 1, iridescent scales 1, negative energy resistance 1, electricity
resistance, unbreathing, petrification resistance, rot immunity, AC +3
a: no special abilities


You were on level 2 of the Dungeon.
You were not hungry.

You visited 1 branch of the dungeon, and saw 2 of its levels.

You collected 63 gold pieces.

Inventory:

Hand Weapons
 a - a +0 flail (weapon)
Armour
 b - a +0 scale mail (worn)
 c - a +0 shield (worn)
Jewellery
 e - a cursed amulet of inaccuracy {unknown}
Scrolls
 g - a scroll of identify {unknown}
 l - a scroll of fear {unknown}
 n - a scroll of blinking {unknown}
Potions
 m - a potion of agility {unknown}
 o - a potion of heal wounds {unknown}
Comestibles
 f - a bread ration
 h - 2 meat rations
 j - a royal jelly


   Skills:
 + Level 3.5 Fighting
 + Level 2.7 Maces & Flails
 + Level 3.8 Armour
 + Level 0.2 Dodging
 + Level 3.7 Shields


You had 2 spell levels left.
You didn't know any spells.

Dungeon Overview and Level Annotations

Branches:
Dungeon (2/15)

Altars:
Nemelex Xobeh

Annotations:
D:2 1 runed door


Innate Abilities, Weirdness & Mutations

You are resistant to torment.
Your stone body is resilient. (AC +3)
You are immune to poison.
You resist negative energy. (rN+)
You are resistant to electric shocks. (rElec)
You can survive without breathing.
You are immune to petrification.
You are immune to rotting.
You have a pair of small antennae on your head.
You are partially covered in iridescent scales. (AC +2)


Message History

You sock Robin!
You kill Robin!
The goblin barely misses you. The goblin closely misses you.
You block the goblin's attack. The goblin barely misses you.
You sock the goblin!
You kill the goblin!
The goblin hits you but does no damage. x2
You are too injured to fight recklessly!
You closely miss the goblin. The goblin hits you but does no damage.
You block the goblin's attack. The goblin hits you with a club.
* * * LOW HITPOINT WARNING * * *
You barely miss the goblin. You block the goblin's attack. x2
The goblin hits you but does no damage.
You barely miss the goblin. You block the goblin's attack.
The goblin hits you but does no damage.
Your shield prevents you from hitting the goblin.
You block the goblin's attack. The goblin barely misses you.
You miss the goblin. The goblin closely misses you.
The goblin hits you with a club.
You die...

.###.#..#.##.####.#
...............##.#
.##.............#.#
..................#
.....>............#
#.............†...#
)..>?.$>.........#
..........g.##
.......).)@#
........g##
.........#
.........#
#...#....#
#........#
#...#.....
#..)#.....


You could see 2 goblins.

Vanquished Creatures
  Robin (D:2)
  A dart slug (D:1)
  A ball python (D:1)
  A giant cockroach (D:2)
  10 goblins
  7 hobgoblins
  3 jackals (D:1)
  2 kobolds (D:1)
  2 rats
28 creatures vanquished.

Notes
Turn   | Place    | Note
-------+----------+-------------------------------------------
     0 | D:1      | polly the Gargoyle Fighter began the quest for the Orb.
     0 | D:1      | Reached XP level 1. HP: 14/14 MP: 1/1
   178 | D:1      | Reached XP level 2. HP: 12/19 MP: 2/2
   395 | D:2      | Found a sparkling altar of Nemelex Xobeh.
   493 | D:2      | Found a runed door.
   566 | D:2      | Reached XP level 3. HP: 21/23 MP: 3/3
   575 | D:2      | Noticed Robin
   581 | D:2      | Gained mutation: You have a pair of small antennae on your head. [potion of mutation]
   581 | D:2      | Gained mutation: You are partially covered in iridescent scales. (AC +2) [potion of mutation]
   598 | D:2      | Killed Robin
   604 | D:2      | Slain by a goblin

Vault maps used:
D:1:      dpeg_arrival_rooms_c, dk_noncrumbling_4
D:2:      nemelex_xobeh_ov_fountains_minmay, gammafunk_temple_overflow_pools,
          uniq_robin, uniq_crazy_yiuf_cottage

Action                   || total
-------------------------++-------
Melee: Flail             ||    88
  Use: Potion            ||     3
Armor: Scale mail        ||    73
Dodge: Dodged            ||    51
Block: Shield            ||    78
